 Dungeon Crawl Stone Soup version 0.24.0-13-gcf9b3192b9 (webtiles) character file.

Game seed: 14328066700124196138, levelgen mode: deterministic

6864 Flugslaktarn the Cleaver (level 10, -6/94 HPs)
             Began as a Deep Dwarf Fighter on Nov 10, 2019.
             Was a Follower of Makhleb.
             Mangled by a freezing wraith (19 damage)
             ... on level 9 of the Dungeon.
             The game lasted 00:04:33 (4208 turns).

Flugslaktarn the Cleaver (Deep Dwarf Fighter)       Turns: 4208, Time: 00:04:34

Health: -6/94      AC: 18    Str: 23    XL:     10   Next: 78%
Magic:  8/8        EV:  5    Int:  9    God:    Makhleb [*.....]
Gold:   328        SH: 11    Dex: 12    Spells: 9/9 levels left

rFire    . . .     SeeInvis .   a - +1 war axe
rCold    . . .     Gourm    .   c - +0 shield
rNeg     . . .     Faith    .   g - +0 plate armour
rPois    .         Spirit   .   (helmet restricted)
rElec    .         Reflect  .   k - +0 cloak
rCorr    .         Harm     .   (no gloves)
MR       ++...                  m - +2 pair of boots
Stlth    ..........             (no amulet)
HPRegen  0.00/turn              (no ring)
MPRegen  0.11/turn              (no ring)

@: non-regenerating, slowed, very slow
A: damage resistance, heal wounds, horns 1, magic resistance 1, sense
surroundings 2, no regeneration
a: Heal Wounds, Renounce Religion


You were on level 9 of the Dungeon.
You worshipped Makhleb.
Makhleb was aware of your devotion.
You were not hungry.

You visited 2 branches of the dungeon, and saw 10 of its levels.

You collected 328 gold pieces.

Inventory:

Hand Weapons
 a - a +1 war axe (weapon)
Armour
 c - a +0 shield (worn)
 g - a +0 plate armour (worn)
   (You found it on level 1 of the Dungeon)
 i - a +1 helmet
   (You found it on level 2 of the Dungeon)
 k - a +0 cloak (worn)
   (You found it on level 2 of the Dungeon)
 m - a +2 pair of boots (worn)
   (You found it on level 2 of the Dungeon)
Wands
 v - a wand of digging (4)
   (You found it on level 7 of the Dungeon)
Scrolls
 b - a scroll of enchant weapon
 p - 3 scrolls of remove curse
Potions
 h - a potion of haste
 j - 3 potions of flight
Comestibles
 e - 21 rations


   Skills:
 + Level 7.0 Fighting
 * Level 11.1 Axes
 + Level 8.5 Armour
 + Level 8.5 Shields
 - Level 6.0 Invocations


You had 9 spell levels left.
You didn't know any spells.
Your spell library was empty.

Dungeon Overview and Level Annotations

Branches:
Dungeon (9/15)             Temple (1/1) D:6            Lair (0/6) D:8
    Orc: D:9-12

Altars:
Ashenzari
Cheibriados
Dithmenos
Elyvilon
Fedhas
Gozag
Hepliaklqana
Kikubaaqudgha
Makhleb
Nemelex Xobeh
Okawaru
Qazlal
Ru
Sif Muna
Trog
Uskayaw
Vehumet
Wu Jian
Yredelemnul
Zin


Innate Abilities, Weirdness & Mutations

You are resistant to damage.
You can heal yourself by infusing magical energy.
You passively map the area around you.
You do not regenerate.
You have a pair of small horns on your head.
You are resistant to hostile enchantments. (MR+)


Message History

The freezing wraith hits you but does no damage. x2
You block the freezing wraith's attack. The freezing wraith barely misses you.
You hit the freezing wraith.
The freezing wraith is severely damaged.
The freezing wraith hits you! The freezing wraith freezes you!!
You block the freezing wraith's attack.
You hit the freezing wraith but do no damage.
The freezing wraith is severely damaged.
You block the freezing wraith's attack.
The freezing wraith hits you but does no damage.
The freezing wraith hits you. The freezing wraith freezes you!!
* * * LOW HITPOINT WARNING * * *
The freezing wraith hits you but does no damage.
You closely miss the freezing wraith.
You headbutt the freezing wraith, but do no damage.
The freezing wraith is severely damaged.
The freezing wraith hits you!
* * * LOW HITPOINT WARNING * * *
The freezing wraith freezes you!!
You die...

#..##..##..##)# ,, , ,,
#)##..##[..#.)|#*
#########..##so##}##..##.
* ,
...[....#.#.##Yo###..##.?
* ,
#######.#.##.##oo#..##..#
, *,
###.......##..##oa.##..##
*,
....###.####...##c##..##.
*, ##### #.#
##..[###..##.# # #.#*
#.##@#..##..# * *** *#..
*#.###W.##....,, ,, ..#,
#.......#.##.#* , , . ,
... .......##.## * ** *
..., ,.# #####.. ## * ,
### * ,#..* ** * , ,** **
#..* * * * , * #.. * , ,
, * #.. * * , *


You could see a centaur warrior, a freezing wraith, 2 orc warriors, a sky beast,
a scorpion, a worker ant, an orc wizard and 2 orcs.

Vanquished Creatures
  6 death yaks
  A manticore (D:8)
  Sigmund (D:3)
  A steam dragon (D:9)
  A hungry ghost (D:7)
  A phantom (D:4)
  An ice beast (D:9)
  A necrophage (D:5)
  3 ogres
  A centaur (D:5)
  4 bullfrogs
  3 scorpions
  3 killer bees (D:8)
  3 wights (D:7)
  5 howler monkeys
  A crimson imp (D:7)
  A bullfrog zombie (D:8)
  A quasit (D:6)
  2 hounds
  4 orc priests
  A bullfrog skeleton (D:5)
  A jelly (D:9)
  An orc wizard (D:4)
  A centaur skeleton (D:4)
  A gnoll shaman (D:7)
  3 iguanas
  8 worker ants
  A hound zombie (D:7)
  10 gnolls
  A worker ant zombie (D:7)
  5 adders
  A worm (D:2)
  A dart slug (D:2)
  9 orcs
  A ball python (D:2)
  8 bats
  4 giant cockroaches
  8 goblins
  6 hobgoblins
  11 jackals
  4 kobolds
  3 quokkas
  3 frilled lizards
  A leopard gecko zombie (D:5)
  5 rats
  3 toadstools (D:1)
145 creatures vanquished.

Notes
Turn   | Place    | Note
-------+----------+-------------------------------------------
     0 | D:1      | Flugslaktarn the Deep Dwarf Fighter began the quest for the
                  | Orb.
     0 | D:1      | Reached XP level 1. HP: 20/20 MP: 1/1
    50 | D:1      | Reached XP level 2. HP: 13/27 MP: 2/2
   274 | D:2      | Reached skill level 3 in Axes
   274 | D:2      | Reached XP level 3. HP: 32/34 MP: 2/2
   770 | D:3      | Reached XP level 4. HP: 38/42 MP: 3/3
   795 | D:3      | Noticed Sigmund
   843 | D:3      | Killed Sigmund
   843 | D:3      | Reached skill level 4 in Axes
   843 | D:3      | Reached XP level 5. HP: 41/49 MP: 4/4
   994 | D:3      | Found a shimmering blue altar of Sif Muna.
  1027 | D:4      | Noticed a phantom
  1033 | D:4      | Reached XP level 6. HP: 29/57 MP: 5/5
  1072 | D:4      | Reached skill level 5 in Axes
  1109 | D:4      | Found a sacrificial altar of Ru.
  1392 | D:4      | Reached XP level 7. HP: 54/64 MP: 5/5
  1452 | D:4      | Reached skill level 5 in Armour
  1452 | D:4      | Reached skill level 5 in Shields
  1541 | D:5      | Entered Level 5 of the Dungeon
  1591 | D:5      | Reached skill level 6 in Axes
  2074 | D:5      | Reached XP level 8. HP: 62/73 MP: 6/6
  2408 | D:6      | Reached skill level 7 in Axes
  2462 | D:6      | Found a staircase to the Ecumenical Temple.
  2515 | Temple   | Entered the Ecumenical Temple
  2746 | Temple   | Became a worshipper of Makhleb the Destroyer
  2818 | D:6      | Found a bloodstained altar of Trog.
  3068 | D:7      | Reached skill level 1 in Invocations
  3078 | D:7      | Reached skill level 5 in Fighting
  3298 | D:7      | Reached skill level 8 in Axes
  3369 | D:7      | Reached * piety under Makhleb
  3376 | D:7      | Gained mutation: You passively map the area around you.
                  | [Deep Dwarf growth]
  3376 | D:7      | Reached XP level 9. HP: 44/81 MP: 8/8
  3751 | D:8      | Noticed a death yak
  3780 | D:7      | HP: 4/81 [death yak (15)]
  3791 | D:7      | Killed a death yak
  3791 | D:7      | Reached skill level 9 in Axes
  3891 | D:8      | Noticed a death yak
  3891 | D:8      | Noticed a death yak
  3891 | D:8      | Noticed a death yak
  3891 | D:8      | Noticed a death yak
  3892 | D:8      | Noticed a death yak
  3914 | D:8      | Killed a death yak
  3914 | D:8      | Reached skill level 5 in Invocations
  3923 | D:8      | Killed a death yak
  3923 | D:8      | Reached XP level 10. HP: 67/91 MP: 7/9
  3936 | D:8      | Killed a death yak
  3936 | D:8      | Reached skill level 10 in Axes
  3947 | D:8      | Killed a death yak
  3975 | D:8      | Killed a death yak
  4020 | D:8      | Noticed a four-headed hydra
  4022 | D:8      | Noticed a manticore
  4053 | D:8      | Killed a manticore
  4056 | D:8      | Gained mutation: You are resistant to hostile enchantments.
                  | (MR+) [potion of mutation]
  4056 | D:8      | Gained mutation: You have a pair of small horns on your
                  | head. [potion of mutation]
  4072 | D:8      | Found a staircase to the Lair.
  4094 | D:8      | Reached skill level 11 in Axes
  4177 | D:9      | Noticed a centaur warrior
  4208 | D:9      | Mangled by a freezing wraith

Levels and vault maps discovered:
D:1:      ldierk_water_garden, layout_loops_ring
D:2:      layout_loops_ring, nicolae_tso_swordbearing_angel, minmay_cut_off
D:3:      layout_loops_ring, marbit_many_paths, overflow_temple_1_default,
          lemuel_old_faithful, uniq_sigmund
D:4:      layout_basic, hangedman_ru_absence
D:5:      layout_loops_ring, first_ration, kennysheep_opposing_triangles
D:6:      layout_cave_pools, kennysheep_mini_moat, temple_pool_b
D:7:      layout_rooms, minmay_misc_feat_pillars, kennysheep_cross_room,
          grunt_ogre_cave, hex_intersection, minmay_microvault
D:8:      layout_basic, dpeg_lair_monsters, minmay_radiant
D:9:      minmay_distorted_concentric_squares, layout_loops_ring, serial_shops,
          shop, minmay_misc_feat_four_crosses, minmay_diamond_spiral,
          uniq_maurice, uniq_gastronok
Temple:   eino_narrow_crystal_temple

Skill      XL: |  1  2  3  4  5  6  7  8  9 10 |
---------------+-------------------------------+-----
Fighting       | 3 4 5 6 7 |  7.0
Axes           | 3 4 5 6 8 9 11 | 11.1
Armour         | 4 5 6 7 8 |  8.5
Shields        | 4 5 6 7 8 |  8.5
Invocations    | 3 5 6 |  6.0

Action                   |  1- 3 |  4- 6 |  7- 9 | 10-12 || total
-------------------------+-------+-------+-------+-------++-------
Melee: War axe           |   117 |   135 |   365 |   143 ||   760
       Headbutt          |       |       |       |    10 ||    10
 Abil: Heal Wounds       |     1 |     2 |    13 |     9 ||    25
  Use: Scroll            |       |       |    14 |       ||    14
       Potion            |       |       |     3 |     4 ||     7
  Eat: Chunk             |       |     2 |    10 |     2 ||    14
       Ration            |       |       |     1 |       ||     1
Armor: Scale mail        |     7 |       |       |       ||     7
       Plate armour      |    76 |    84 |   200 |    73 ||   433
Dodge: Dodged            |    23 |    10 |    55 |    25 ||   113
Block: Shield            |    70 |    84 |   199 |    78 ||   431
